 Dungeon Crawl Stone Soup version 0.14-a0-226-gcf818b1 (webtiles) character file.

315 Malachi the Agent of Entropy (level 5, 0/39 HPs)
             Began as a Demonspawn Abyssal Knight on Oct 10, 2013.
             Was a Priest of Lugonu.
             Slain by Grinder (4 damage)
             ... while paralysed by it
             ... on Level 3 of the Dungeon.
             The game lasted 00:06:09 (2490 turns).

Malachi the Agent of Entropy (DsAK)                 Turns: 2490, Time: 00:06:09

HP   0/39        AC  8     Str 12      XL: 5   Next:  1%
MP   0/8         EV  2     Int 15      God: Lugonu [***...]
Gold 177         SH  0     Dex 12      Spells:  0 memorised,  4 levels left

Res.Fire  : . . .   See Invis. : .   C - +3 quarterstaff (chaos)
Res.Cold  : . . .   Warding    : .   b - +0 leather armour
Life Prot.: . . .   Conserve   : .   (no shield)
Res.Poison: .       Res.Corr.  : .   m - +1 cap {Spirit}
Res.Elec. : .       Clarity    : .   B - +0 cloak
Sust.Abil.: . .     Spirit.Shd : +   (no gloves)
Res.Mut.  : .       Stasis     : .   D - +0 pair of boots
Res.Rott. : .       Flight     : .   (no amulet)
Saprovore : . . .                    (no ring)
                                     (no ring)

@: paralysed, slightly resistant to hostile enchantments, fairly stealthy
A: nightstalker 1, AC +2
a: Depart the Abyss, Bend Space, Banish, Renounce Religion


You were on level 3 of the Dungeon.
You worshipped Lugonu.
Lugonu was most pleased with you.
You were not hungry.

You visited 1 branch of the dungeon, and saw 3 of its levels.
You visited the Abyss 1 time.

You collected 157 gold pieces.

Inventory:

Hand weapons
 a - a +2,+2 spear
 t - a +1,+0 dagger of chaos
 x - a +1,+1 elven dagger of flaming
 C - a +3,+3 quarterstaff of chaos (weapon)
Armour
 b - a +0 leather armour (worn)
 l - a +0 pair of boots
 m - a +1 cap of spirit shield (worn)
 B - a +0 cloak (worn)
 D - a +0 pair of boots (worn)
Magical devices
 y - a wand of slowing (1)
Comestibles
 c - 2 bread rations
 p - a sausage
 q - 2 meat rations
 z - a pear
Scrolls
 e - 2 scrolls of remove curse {unknown}
 f - a scroll of magic mapping {unknown}
 h - a scroll of enchant weapon I {unknown}
 k - a scroll of curse armour {unknown}
 n - a scroll of enchant weapon II {unknown}
 s - a scroll of curse weapon {unknown}
 u - a scroll of noise {unknown}
 w - a scroll of amnesia {unknown}
 E - 2 scrolls of identify {unknown}
 F - a scroll of recharging {unknown}
Jewellery
 r - a cursed amulet of stasis {unknown}
Potions
 d - a potion of restore abilities {unknown}
 g - 2 potions of curing
 i - a potion of confusion {unknown}
 j - 2 potions of brilliance {unknown}
 o - a potion of paralysis {unknown}
 v - a potion of speed {unknown}


   Skills:
 - Level 3.0 Fighting
 - Level 1.7 Short Blades
 - Level 3.1 Polearms
 * Level 0.6 Staves
 - Level 1.7 Armour
 - Level 0.8 Dodging
 - Level 0.2 Stealth
 * Level 4.6 Invocations


You had 4 spell levels left.
You didn't know any spells.

Dungeon Overview and Level Annotations

Branches:
Dungeon (3/27)

Altars:
Xom

Annotations:
D:3 Grinder


Innate Abilities, Weirdness & Mutations

You are partially covered in thin metallic scales (AC +2).
You are slightly more attuned to the shadows.


Message History

No target in view!
No target in view!
No target in view!
No target in view!
No target in view!
No target in view!
You closely miss it. It hits you.
You writhe in agony.
It hits you but does no damage.
You miss it. It hits you but does no damage.
You miss it. It hits you.
You miss it.
Drink which item? (? for menu, Esc to quit)
You feel better. Pain shoots through your body!
You hit it.
You suddenly lose the ability to move!
It hits you!
You writhe in agony.
* * * LOW HITPOINT WARNING * * *
It hits you!
* * * LOW HITPOINT WARNING * * *
You writhe in agony.
You die...

##### ####...###
###############........#
.......@...........)....
###############...#...##)..# ..
.<......................(...
...##.#####...####......##(####
#.##.#####...#######...##.####
#......#......................
####......#.##...###########...##
.............#...###### #...##
####.##...............# #...#.


There were no monsters in sight!

Vanquished Creatures
  Crazy Yiuf (D:2)
  A green rat (D:2)
  A gnoll (D:2)
  2 adders
  A giant mite (D:2)
  3 giant geckos
  An ooze (D:2)
  An orc (D:3)
  3 giant cockroaches (D:1)
  8 hobgoblins
  5 kobolds
  8 bats
  3 giant newts
  9 goblins
  8 jackals
  7 rats
62 creatures vanquished.

Notes
Turn   | Place    | Note
--------------------------------------------------------------
     0 | Abyss:1  | Malachi, the Demonspawn Abyssal Knight, began the quest for the Orb.
     0 | Abyss:1  | Reached XP level 1. HP: 16/16 MP: 1/1
    25 | D:1      | Escaped the Abyss
   190 | D:1      | Gained mutation: You are partially covered in thin metallic scales (AC +2). [demonic ancestry]
   190 | D:1      | Reached XP level 2. HP: 16/22 MP: 2/2
   295 | D:1      | Acquired Lugonu's second power
   814 | D:2      | Gained mutation: You are slightly more attuned to the shadows. [demonic ancestry]
   814 | D:2      | Reached XP level 3. HP: 24/28 MP: 4/4
   949 | D:2      | Found a shimmering altar of Xom.
  1476 | D:2      | Reached XP level 4. HP: 21/34 MP: 3/6
  1617 | D:2      | Reached skill level 1 in Short Blades
  1748 | D:2      | Acquired Lugonu's third power
  1748 | D:2      | Reached skill level 4 in Invocations
  2064 | D:2      | Noticed Crazy Yiuf
  2092 | D:2      | Killed Crazy Yiuf
  2440 | D:3      | Reached XP level 5. HP: 32/39 MP: 5/8
  2479 | D:3      | Noticed Grinder
  2489 | D:3      | Paralysed by it for 6 turns
  2490 | D:3      | Slain by Grinder

Action                   |  1- 3 |  4- 6 || total
-------------------------+-------+-------++-------
Melee: Spear             |   110 |       ||   110
       Dagger            |    76 |    84 ||   160
       Quarterstaff      |       |    19 ||    19
  Use: Potion            |       |     3 ||     3
 Stab: Sleeping          |     2 |       ||     2
       Paralysed         |     1 |       ||     1
       Distracted        |       |     1 ||     1
       Invisible         |       |     1 ||     1
